 Dungeon Crawl Stone Soup version 0.18.1-48-g4cf74bf (webtiles) character file.

176 Mesmaeker13 the Ducker (level 5, -7/37 HPs)
             Began as a Merfolk Summoner on July 5, 2016.
             Mangled by an orc warrior
             ... wielding a +0 hand axe
              (15 damage)
             ... on level 4 of the Dungeon.
             The game lasted 00:09:57 (4062 turns).

Mesmaeker13 the Ducker (Merfolk Summoner)           Turns: 4062, Time: 00:09:59

Health: -7/37      AC:  7    Str:  9    XL:     5   Next: 56%
Magic:  5/8        EV: 18    Int: 14    God:
Gold:   187        SH:  0    Dex: 15    Spells: 3 memorised, 2 levels left

rFire  . . .     SeeInvis .     d - +0 dagger (protect)
rCold  . . .     Gourm    .     a - +0 robe
rNeg   . . .     Faith    .     (no shield)
rPois  .         Spirit   .     (no helmet)
rElec  .         Dismiss  .     (no cloak)
rCorr  +         Reflect  .     (no gloves)
SustAt .         Harm     .     (no boots)
MR     .....                    (no amulet)
Stlth  ++........               v - +3 ring of evasion
                                t - ring of resist corrosion

@: slowed, very slow, not resistant to hostile enchantments, unstealthy
A: change form in water, swift swim
a: no special abilities


You were on level 4 of the Dungeon.
You were not hungry.

You visited 1 branch of the dungeon, and saw 4 of its levels.

You collected 187 gold pieces.

Inventory:

Hand Weapons
 d - a +0 dagger of protection (weapon)
 h - a cursed -1 whip
Missiles
 i - 26 poisoned needles
 p - 5 needles of paralysis
Armour
 a - a +0 robe (worn)
 w - a +0 leather armour
 F - a +0 ring mail of magic resistance
Jewellery
 t - a ring of resist corrosion (left hand)
 v - a +3 ring of evasion (right hand)
Scrolls
 f - a scroll of noise {unknown}
 j - a scroll of identify {unknown}
 m - a scroll of fear {unknown}
 r - a scroll of teleportation {unknown}
 u - a scroll of magic mapping {unknown}
 x - a scroll of enchant weapon {unknown}
Potions
 e - a potion of berserk rage {unknown}
 k - a potion of might {unknown}
 l - a potion of flight {unknown}
 n - a potion of cure mutation {unknown}
 o - a potion of resistance {unknown}
 q - 2 potions of cancellation {unknown}
 s - 2 potions of magic {unknown}
 z - a potion of mutation {unknown}
 A - 2 potions of curing {unknown}
 D - 2 potions of lignification {unknown}
Books
 b - a book of Callings

   Spells                             Type                      Level
   a - Summon Small Mammal            Summoning                    1
   b - Call Imp                       Summoning                    2
   c - Call Canine Familiar           Summoning                    3
   d - Summon Guardian Golem          Hexes/Summoning              3
   e - Summon Lightning Spire         Summoning/Air                4
   f - Summon Ice Beast               Ice/Summoning                4
 y - a Fen Folio

   Spells                             Type                      Level
   a - Corpse Rot                     Necromancy                   2
   b - Stone Arrow                    Conjuration/Earth            3
   c - Leda's Liquefaction            Hexes/Earth                  4
   d - Summon Forest                  Summoning/Translocation      5
   e - Hydra Form                     Transmutation                6
   f - Summon Hydra                   Summoning                    7
Comestibles
 c - 2 bread rations
 g - 2 meat rations
 B - a slice of pizza
 C - 4 fruits
 E - 2 chunks of flesh


   Skills:
 + Level 1.3 Fighting
 + Level 5.6 Dodging
 - Level 2.1 Stealth
 - Level 2.0 Spellcasting
 + Level 5.1 Summonings


You had 2 spell levels left.
You knew the following spells:

 Your Spells              Type           Power        Failure   Level  Hunger
a - Summon Small Mammal   Summ           ###.         2%          1    ##.....
b - Call Imp              Summ           ###.....     4%          2    ###....
c - Call Canine Familiar  Summ           ###.....     10%         3    ####...


Dungeon Overview and Level Annotations

Branches:
Dungeon (4/15)
 Temple: D:4-7

Altars:


Message History

The orc wizard seems to speed up.
The orc wizard mumbles some strange words.
The orc wizard blinks!
The orc warrior hits you with a hand axe!
The orc wizard casts a spell.
The orc wizard blinks!
The scorpion barely misses you. The orc warrior completely misses you.
The scorpion stings you. The scorpion misses you.
The orc warrior hits you with a hand axe!
The orc wizard hits you but does no damage.
The orc wizard closely misses you. The orc wizard misses you.
The scorpion stings you but does no damage.
The orc wizard casts a spell at you. The magic dart hits you!
The orc wizard casts a spell at you. The magic dart hits you!
* * * LOW HITPOINT WARNING * * *
The orc warrior hits you with a hand axe!
You die...

......#####'###...#.....#
......##.....##...#.....#
......#......#....#.....#
..o...#......+....#.....#
......#......#..o.#.....#
+#######'######...#.....#
......##.....##oos#.....#
...............o..#.....#
................@.#.....#
........).........#.....#
..................#.....#
>.....##.....##...#.....#
+#######.....##...#.....#########
..........#...#<.............
...........#...#..............
...........#...#..............
############...#..............


You could see an orc warrior, a scorpion, 2 orc wizards and an orc.

Vanquished Creatures
  A giant frog skeleton (D:4)
  3 adders
  A shadow imp (D:3)
  2 dart slugs (D:3)
  3 giant geckos
  8 orcs (D:3)
  A giant cockroach (D:4)
  2 goblins
  8 hobgoblins
  4 jackals
  6 kobolds
  A quokka (D:2)
  A ball python (D:3)
  5 bats
  3 giant newts
  5 rats
54 creatures vanquished.

Vanquished Creatures (collateral kills)
  A worker ant (D:4)
  An adder (D:4)
  An ooze (D:2)
  A dart slug (D:1)
  A giant gecko (D:1)
  5 orcs
  4 bats
  3 giant cockroaches (D:2)
  5 goblins (D:1)
  2 hobgoblins
  3 jackals (D:1)
  5 kobolds
  A ball python (D:3)
  2 giant newts (D:1)
  2 rats (D:1)
37 creatures vanquished.

Grand Total: 91 creatures vanquished

Notes
Turn   | Place    | Note
--------------------------------------------------------------
     0 | D:1      | Mesmaeker13 the Merfolk Summoner began the quest for the Orb.
     0 | D:1      | Reached XP level 1. HP: 13/13 MP: 3/3
     3 | D:1      | Noticed an electric eel
     3 | D:1      | Noticed an electric eel
   380 | D:1      | Reached XP level 2. HP: 14/19 MP: 1/5
   787 | D:1      | Reached XP level 3. HP: 24/24 MP: 4/6
  1008 | D:2      | Learned a level 2 spell: Call Imp
  1913 | D:2      | Reached XP level 4. HP: 30/30 MP: 3/7
  2693 | D:3      | Reached skill level 5 in Dodging
  2775 | D:3      | Reached skill level 5 in Summonings
  3010 | D:3      | Reached XP level 5. HP: 19/35 MP: 5/8
  3331 | D:4      | Learned a level 3 spell: Call Canine Familiar
  3662 | D:4      | Noticed an ogre
  3687 | D:4      | Reached skill level 1 in Fighting
  4032 | D:4      | Noticed an orc warrior
  4062 | D:4      | Mangled by an orc warrior

Skill      XL: |  1  2  3  4  5 |
---------------+----------------+-----
Dodging        | 3 4 5 |  5.6
Summonings     | 5 |  5.1
Fighting       | 1 |  1.3
Stealth        | |  2.1
Spellcasting   | |  2.0

Action                   |  1- 3 |  4- 6 || total
-------------------------+-------+-------++-------
Melee: Unarmed           |     9 |       ||     9
       Dagger            |   155 |   215 ||   370
 Cast: Summon Small Mamm |    30 |    14 ||    44
       Call Imp          |     1 |    13 ||    14
       Call Canine Famil |       |     3 ||     3
 Stab: Sleeping          |     6 |     3 ||     9
       Distracted        |     2 |     1 ||     3
  Eat: Chunk             |     4 |     8 ||    12
       Fruit             |       |     1 ||     1
Armor: Robe              |    76 |    52 ||   128
Dodge: Dodged            |   156 |   182 ||   338
